 Dungeon Sprint DCSS version 0.31-a0-988-g08d55dae12 (webtiles) character file.

Game seed: 12577417072754092112

3786 Conn the Arsonist (level 10, -9/56 HPs)
             Began as an Octopode Fire Elementalist on Nov 1, 2023.
             Was a High Priest of Sif Muna.
             Mangled by a centaur warrior (12 damage)
             ... in the Dungeon (Sprint II: "The Violet Keep of Menkaure") on Nov 4, 2023.
             The game lasted 00:20:24 (1574 turns).

Conn the Arsonist (Octopode Fire Elementalist)      Turns: 1574, Time: 00:20:24

Health: -9/56      AC:  0    Str:  8    XL:     10   Next: 16%
Magic:  11/21      EV: 17    Int: 22    God:    Sif Muna [*****.]
Gold:   752        SH:  0    Dex: 12    Spells: 14/29 levels left

rFire   . . .        g - melded +1 short sword
rCold   . . .        (shield currently unavailable)
rNeg    . . .        (helmet currently unavailable)
rPois   .            (no amulet)
rElec   .            c - melded ring of fire
rCorr   .            (ring currently unavailable)
SInv    .            (ring currently unavailable)
Will    .....        (ring currently unavailable)
Stlth   ++           (ring currently unavailable)
HPRegen 0.29/turn    (ring currently unavailable)
MPRegen 0.17/turn    (ring currently unavailable)
                     (ring currently unavailable)

%: no teleportation
@: mighty, pig-form, very quick
A: fast, no casting, almost no armour, (amphibious), (8 rings), small,
(camouflage 1), (gelatinous body 1), (nimble swimmer 1), (tentacles), low MP 1
a: Renounce Religion, Channel Magic, Forget Spell, Divine Exegesis


You were in the Dungeon.
You worshipped Sif Muna.
Sif Muna was extremely pleased with you.
You were a filthy swine.
You visited 1 branch You collected 1501 gold pieces.
You spent 749 gold pieces at shops.

Inventory:

Hand Weapons
 g - a +1 short sword (melded)
Missiles
 q - 2 curare-tipped darts (quivered)
 r - 5 poisoned darts
Jewellery
 c - a ring of fire (melded)
Scrolls
 d - a scroll of identify
 f - a scroll of blinking
 h - a scroll of torment
 l - a scroll of fear
 m - a scroll of amnesia
Potions
 a - 5 potions of magic
 b - a potion of curing
 e - a potion of lignification
 i - 2 potions of attraction
 j - a potion of degeneration
 k - a potion of resistance
 o - 2 potions of enlightenment


   Skills:
 - Level 0.1 Fighting
 + Level 8.4 Dodging
 - Level 4.1 Stealth
 - Level 3.0 Unarmed Combat
 * Level 10.1 Spellcasting
 * Level 10.7 Conjurations
 - Level 5.0 Hexes
 * Level 2.8 Summonings
 + Level 11.7 Fire Magic
 * Level 9.9 Invocations


You had 14 spell levels left.
You knew the following spells:

 Your Spells              Type           Power      Damage    Failure   Level
a - Foxfire               Conj/Fire      100%       2x1d9     1%          1
b - Scorch                Fire           100%       2d9       1%          2
c - Inner Flame           Hex/Fire       47%        N/A       1%          3
d - Flame Wave            Conj/Fire      57%        2d14      1%          4
e - Slow                  Hex            100%       N/A       1%          1
f - Summon Guardian Gole  Hex/Summ       28%        N/A       3%          3
g - Summon Small Mammal   Summ           92%        N/A       1%          1

Your spell library contained the following spells:

 Spells                   Type           Power      Damage    Failure   Level
 Volatile Blastmotes      Fire/Tloc      72%        2d16      1%          3
 Confusing Touch          Hex            33%        N/A       2%          3
 Sigil of Binding         Hex            33%        N/A       2%          3
 Call Canine Familiar     Summ           23%        N/A       5%          3
 Vampiric Draining        Necr           11%        2d6       19%         3


Dungeon Overview and Level Annotations

Branches:
Dungeon (1/1)

Altars:
Cheibriados
Dithmenos
Elyvilon
Fedhas
Gozag
Hepliaklqana
Kikubaaqudgha
Makhleb
Nemelex Xobeh
Okawaru
Qazlal
Ru
Sif Muna
Trog
Uskayaw
Vehumet
Wu Jian
Xom
Yredelemnul
Zin
The Shining One
Jiyva
Lugonu

Shops:
D ([:([[=:==:!!?=

Annotations:
D exclusions: ice statue and oklob plant, Kirke


Innate Abilities, Weirdness & Mutations

You are a filthy swine.
You move quickly.
Your equipment is almost entirely melded.
You are incapable of wielding weapons or throwing items.
You cannot cast spells.
You cannot wear most types of armour.
((You are amphibious.))
((You can wear up to eight rings at the same time.))
((Your skin changes colour to match your surroundings (Stealth+).))
((Your rubbery body absorbs attacks. (AC +1, EV +1)))
((You are camouflaged when in or above water. (Stealth+)))
((You have tentacles for arms and can constrict up to eight enemies at once.))
Your magical capacity is low. (-10% MP)


Message History

Unknown command.
You feel very mighty all of a sudden.
The centaur warrior unwields a +0 shortbow.
The centaur warrior hits you. The centaur warrior barely misses you.
You barely miss the centaur warrior. The centaur warrior closely misses you.
The centaur warrior completely misses you.
You hit the centaur warrior but do no damage.
The centaur warrior hits you. The centaur warrior kicks you.
The centaur warrior closely misses you. The centaur warrior kicks you.
You bite the centaur warrior!
The centaur warrior is lightly wounded.
The centaur warrior hits you! The centaur warrior kicks you.
You hit the centaur warrior.
The centaur warrior is moderately wounded.
The centaur warrior misses you.
The centaur warrior completely misses you.
You hit the centaur warrior.
The centaur warrior is moderately wounded.
The centaur warrior hits you. The centaur warrior kicks you.
You bite the centaur warrior!
The centaur warrior is heavily wounded.
The centaur warrior closely misses you. x2
You bite the centaur warrior!
The centaur warrior is severely wounded.
The centaur warrior hits you.
* * * LOW HITPOINT WARNING * * *
The centaur warrior kicks you.
* * * LOW HITPOINT WARNING * * *
The centaur warrior hits you!
* * * LOW HITPOINT WARNING * * *
The centaur warrior barely misses you.
You feel better. The centaur warrior barely misses you.
The centaur warrior closely misses you.
Okay, then.
You feel better. The centaur warrior hits you!
* * * LOW HITPOINT WARNING * * *
The centaur warrior kicks you.
* * * LOW HITPOINT WARNING * * *
The centaur warrior hits you!
You die...

######~~Y.z9@.....# #:|▓
.....#~~~~.##+##..# #))▓
.⌠...#~~~~##.#.##.#### +.##.#|○▓
∩.∩..#~~~~#..#..#....# ^..####▓
.∩.∩.#~~#####.#####..## #..##.#▓
∩.∩.∩#~##.###'###.##..# +..#..#▓
...∩.#~#...##.##..##..# #..#..#▓
....∩'~'##.'.<.'.##c..####..##.#▓
.....#~#...##.##h#.#....###...##▓
▓▓▓###~##.###'###c##......~~~~~†~
######~~####..#####~~.....~#'####
#D$ ##~~~#..##.#~~~~~~§..~#_._..
+$!#+ #'#~##.#.##~§~§§~~~.~#._._.
#!##. #.#~~##'##~~~§≈§§§~~~#_._._
###~. ####~~~~~~~~~§§§≈≈~~~#._._.
##~.. #+++#+++#~≈§≈≈§§§§#_._._


≈SSS≈ ##§≈≈###§≈#._._. You could see a centaur warrior.

Vanquished Creatures
  2 deep trolls (D)
  A yaktaur (D)
  3 polar bears (D)
  A hornet (D)
  A blink frog (D)
  4 neqoxecs (D)
  Menkaure (D)
  5 water moccasins (D)
  4 necrophages (D)
  4 scorpions (D)
  3 worms (D)
  A spectral ball python (D)
30 creatures vanquished.

Vanquished Creatures (others)
  54 foxfires (D)
  28 tentacles (D)
82 creatures vanquished.

Grand Total: 112 creatures vanquished

Notes
Turn   | Place    | Note
-------+----------+-------------------------------------------
     0 | D        | Conn the Octopode Fire Elementalist began the quest for the
                  | Orb.
     0 | D        | Reached XP level 1. HP: 11/11 MP: 3/3
     1 | D        | Noticed a necrophage
     1 | D        | Noticed a necrophage
     1 | D        | Noticed a necrophage
     1 | D        | Noticed a necrophage
     7 | D        | Killed a necrophage
     8 | D        | Reached skill level 6 in Fire Magic
     8 | D        | Reached XP level 2. HP: 17/17 MP: 3/6
     8 | D        | Reached XP level 3. HP: 21/21 MP: 4/8
     8 | D        | Reached XP level 4. HP: 27/27 MP: 4/9
    13 | D        | Killed a necrophage
    14 | D        | Reached skill level 1 in Unarmed Combat
    14 | D        | Reached skill level 7 in Fire Magic
    14 | D        | Reached XP level 5. HP: 23/31 MP: 4/11
    17 | D        | Reached skill level 8 in Fire Magic
    21 | D        | Reached skill level 5 in Spellcasting
    21 | D        | Reached XP level 6. HP: 29/36 MP: 5/13
    34 | D        | Learned a level 2 spell: Scorch
    38 | D        | Learned a level 3 spell: Inner Flame
    43 | D        | Learned a level 4 spell: Flame Wave
    48 | D        | Found Niol Vad's Distillery.
    48 | D        | Found Qabb's Magic Scroll Shoppe.
    48 | D        | Found Jeutwan's Book Emporium.
    48 | D        | Found Kuripti's Distillery.
    48 | D        | Found Eheixuha's Jewellery Shoppe.
    48 | D        | Found Mymahiap's Jewellery Shoppe.
    49 | D        | Found Buhiuc's Book Shoppe.
    49 | D        | Found Umeu's Jewellery Emporium.
    50 | D        | Found Xehumne's Antique Armour Shoppe.
    50 | D        | Found Maeg's Antique Armour Emporium.
    51 | D        | Found Maqao's Jewellery Emporium.
    51 | D        | Noticed a water moccasin
    52 | D        | Found Zynuatuo's Antique Weapon Emporium.
    52 | D        | Noticed a water moccasin
    52 | D        | Noticed a water moccasin
    52 | D        | Noticed a water moccasin
    52 | D        | Noticed an oklob plant
    53 | D        | Found Vironyic's Armour Shoppe.
    53 | D        | Found Roitraur's Antique Weapon Emporium.
    53 | D        | Found Laolunt's Book Shoppe.
    55 | D        | Noticed a slime creature
    55 | D        | Noticed a slime creature
    58 | D        | Bought a potion of lignification for 33 gold pieces
    63 | D        | Noticed a fire dragon
    66 | D        | Noticed a slime creature
    83 | D        | Killed a water moccasin
    84 | D        | Reached skill level 5 in Dodging
    84 | D        | Reached skill level 5 in Conjurations
    84 | D        | Reached skill level 9 in Fire Magic
    86 | D        | Noticed a water moccasin
    90 | D        | Killed a water moccasin
    92 | D        | Noticed an obsidian statue
    94 | D        | Noticed Menkaure
    99 | D        | Killed Menkaure
   106 | D        | Found an iron altar of Okawaru.
   106 | D        | Found a radiant altar of Vehumet.
   107 | D        | Found a sparkling altar of Nemelex Xobeh.
   107 | D        | Found a hide-covered altar of Uskayaw.
   107 | D        | Found a glowing silver altar of Zin.
   108 | D        | Found an opulent altar of Gozag.
   108 | D        | Found a burning altar of Makhleb.
   108 | D        | Found a bloodstained altar of Trog.
   108 | D        | Found a basalt altar of Yredelemnul.
   109 | D        | Found a blossoming altar of Fedhas.
   109 | D        | Found a corrupted altar of Lugonu.
   109 | D        | Found a shimmering blue altar of Sif Muna.
   109 | D        | Found a shimmering altar of Xom.
   110 | D        | Found a white marble altar of Elyvilon.
   110 | D        | Found an ancient bone altar of Kikubaaqudgha.
   110 | D        | Found a sacrificial altar of Ru.
   111 | D        | Found a shadowy altar of Dithmenos.
   111 | D        | Found a viscous altar of Jiyva.
   112 | D        | Found a snail-covered altar of Cheibriados.
   114 | D        | Found a hazy altar of Hepliaklqana.
   115 | D        | Found a glowing golden altar of the Shining One.
   115 | D        | Found an ornate altar of the Wu Jian Council.
   115 | D        | Found a stormy altar of Qazlal.
   118 | D        | Noticed a water moccasin
   124 | D        | Became a worshipper of Sif Muna the Loreminder
   137 | D        | Noticed a water moccasin
   139 | D        | Noticed a water moccasin
   139 | D        | Noticed a kraken
   147 | D        | Upgraded the game from 0.31-a0-981-geadf994542 to
                  | 0.31-a0-988-g08d55dae12
   276 | D        | Learned a level 1 spell: Slow
   450 | D        | Killed a water moccasin
   451 | D        | Reached skill level 1 in Hexes
   451 | D        | Reached skill level 10 in Fire Magic
   451 | D        | Reached XP level 7. HP: 34/41 MP: 8/16
   455 | D        | Reached * piety under Sif Muna
   551 | D        | Noticed a deep troll
   551 | D        | Noticed a deep troll
   554 | D        | Noticed a flying skull
   555 | D        | Noticed a flying skull
   555 | D        | Noticed a flying skull
   555 | D        | Noticed a flying skull
   555 | D        | Noticed a flying skull
   555 | D        | Noticed a flying skull
   566 | D        | Killed a deep troll
   567 | D        | Reached skill level 5 in Hexes
   567 | D        | Reached skill level 5 in Invocations
   567 | D        | Reached XP level 8. HP: 46/46 MP: 2/19
   567 | D        | Killed a deep troll
   568 | D        | Reached XP level 9. HP: 51/51 MP: 0/21
   606 | D        | Noticed an ice statue
   835 | D        | Noticed a yaktaur
   835 | D        | Noticed a hornet
   835 | D        | Noticed a polar bear
   836 | D        | Noticed a polar bear
   843 | D        | Killed a polar bear
   843 | D        | Reached ** piety under Sif Muna
   844 | D        | Reached skill level 11 in Fire Magic
   861 | D        | HP: 1/51 [polar bear (3)]
   875 | D        | Killed a polar bear
   875 | D        | Killed a hornet
   882 | D        | Killed a yaktaur
  1068 | D        | Noticed a polar bear
  1076 | D        | Killed a polar bear
  1077 | D        | Reached skill level 10 in Conjurations
  1187 | D        | Reached *** piety under Sif Muna
  1206 | D        | Bought a ring of fire for 350 gold pieces
  1210 | D        | Bought a book of Callings for 280 gold pieces
  1214 | D        | Learned a level 3 spell: Summon Guardian Golem
  1216 | D        | Learned a level 1 spell: Summon Small Mammal
  1233 | D        | Bought 2 potions of curing for 66 gold pieces
  1234 | D        | Bought a scroll of identify for 20 gold pieces
  1276 | D        | Gained mutation: Your magical capacity is low. (-10% MP) [a
                  | neqoxec]
  1281 | D        | Reached **** piety under Sif Muna
  1282 | D        | Reached skill level 1 in Summonings
  1282 | D        | Reached XP level 10. HP: 51/56 MP: 10/21
  1393 | D        | Reached ***** piety under Sif Muna
  1394 | D        | Reached skill level 10 in Spellcasting
  1533 | D        | Noticed a centaur warrior
  1533 | D        | Noticed Kirke
  1533 | D        | Noticed a skeletal warrior
  1534 | D        | Noticed a yaktaur captain
  1535 | D        | Noticed a kobold demonologist
  1538 | D        | Noticed an elephant
  1574 | D        | Mangled by a centaur warrior

Illustrated notes

Levels and vault maps discovered:
D:        the_violet_keep_of_menkaure [sprint2_stairs_cluster_1,
          sprint2_shoproom, sprint2_temple, sprint2_basic_supplies,
          sprint2_obstacle_7, sprint2_obstacle_2, sprint2_obstacle_3,
          sprint2_obstacle_6, sprint2_obstacle_5, sprint2_timed_cluster_1,
          sprint2_smallroom_cluster_1, sprint2_smallroom_final_cluster_1,
          sprint2_transparent_cluster_1, sprint2_second_timed_cluster_1,
          sprint2_sniper_area_1, sprint2_heavy_combat_area_1,
          sprint2_mutation_trap_area_1, sprint2_forest_area_1,
          sprint2_light_combat_area_1, sprint2_behind_water_1,
          sprint2_near_end_vault_1]

Skill      XL: |  1  2  3  4  5  6  7  8  9 10 |
---------------+-------------------------------+-----
Dodging        | 3 4 5 6 7 8 |  8.4
Stealth        | 4 |  4.1
Spellcasting   | 3 4 5 6 7 8 9 10 | 10.1
Fire Magic     | 6 7 8 10 11 | 11.7
Unarmed Combat | 1 2 3 |  3.0
Conjurations   | 2 4 6 7 8 10 | 10.7
Hexes          | 1 5 |  5.0
Invocations    | 2 5 7 9 |  9.9
Summonings     | 1 2 |  2.8
Fighting       | |  0.1

Action                     |  1- 3 |  4- 6 |  7- 9 | 10-12 || total
---------------------------+-------+-------+-------+-------++-------
  Melee: Unarmed           |     5 |    14 |       |     7 ||    26
         Constrict         |     1 |     3 |     4 |       ||     8
         Tentacles         |     1 |     2 |     7 |       ||    10
         Short sword       |       |       |    13 |       ||    13
  Throw: Dart              |       |     6 |       |       ||     6
   Cast: Foxfire           |       |    10 |    25 |     2 ||    37
         Scorch            |       |     9 |    25 |     5 ||    39
         Inner Flame       |       |       |     4 |     3 ||     7
         Slow              |       |       |     3 |       ||     3
         Flame Wave        |       |       |     2 |     2 ||     4
         Summon Guardian G |       |       |     1 |     1 ||     2
    Use: Potion            |     1 |     2 |     4 |     3 ||    10
         Scroll            |       |     8 |       |       ||     8
   Stab: Sleeping          |       |       |     2 |       ||     2
 Armour: Skin              |     1 |    11 |    24 |    15 ||    51
  Dodge: Dodged            |     1 |    11 |    23 |    15 ||    50

Table legend: (Time is in decaauts)
 A = Elapsed time spent in this place.
 B = Non-inter-level travel time spent in this place.
 C = Inter-level travel time spent in this place.
 D = Time resting spent in this place.
 E = Time spent auto-exploring this place.
 F = Levels seen in this place.
 G = Mean time per level.
                   A        B        C        D        E       F      G
               +--------+--------+--------+--------+--------+-----+--------+
         Total |   1563 |   1563 |      0 |    756 |      0 |   1 | 1563.0 |
       Dungeon |   1563 |   1563 |      0 |    756 |      0 |   1 | 1563.0 |
               +--------+--------+--------+--------+--------+-----+--------+

Top non-repeatable levels by time:
       D: 1563 daAuts
